 Dungeon Crawl Stone Soup version 0.29-a0-330-g52719c12eb (webtiles) character file.

Game seed: 15943730733831101380

3686 kae the Firebug (level 9, -20/62 HPs)
             Began as a Demigod Fire Elementalist on Apr 23, 2022.
             Demolished by a death yak (23 damage)
             ... on level 8 of the Dungeon.
             The game lasted 00:08:39 (11205 turns).

kae the Firebug (Demigod Fire Elementalist)        Turns: 11205, Time: 00:08:39

Health: -20/62     AC:  2    Str:  9    XL:     9   Next: 59%
Magic:  23/23      EV: 12    Int: 29    God:
Gold:   479        SH:  0    Dex: 14    Spells: 6/22 levels left

rFire   . . .      SeeInvis .   y - staff of conjuration
rCold   . . .      Faith    .   (no shield)
rNeg    . . .      Spirit   .   a - +0 robe
rPois   .          Reflect  .   (no helmet)
rElec   .          Harm     .   (no cloak)
rCorr   .          Rampage  .   (no gloves)
Will    .....                   (no boots)
Stlth   ++........              i - amulet of magic regeneration
HPRegen 0.20/turn               d - ring of willpower
MPRegen 0.58/turn               (no ring)

@: weak-willed
A: high MP 1, forlorn, divine attributes
a: no special abilities


You were on level 8 of the Dungeon.
You visited 1 branch of the dungeon, and saw 8 of its levels.

You collected 479 gold pieces.

Inventory:

Hand Weapons
 r - a +0 trident of flaming
Armour
 a - a +0 robe (worn)
Magical Staves
 y - a staff of conjuration (weapon)
Jewellery
 d - a ring of willpower (left hand)
 i - an amulet of magic regeneration (around neck)
 u - an amulet of regeneration
 v - a ring of poison resistance
Wands
 m - a wand of polymorph (4)
 o - a wand of acid (14)
Scrolls
 k - 2 scrolls of fear
 l - 2 scrolls of teleportation
 n - 2 scrolls of amnesia
 t - a scroll of blinking
 x - a scroll of magic mapping
Potions
 b - a potion of magic
 c - 3 potions of might
 e - 2 potions of attraction
 f - 3 potions of curing
 g - 2 potions of lignification
 h - 2 potions of degeneration {unknown}
 j - 2 potions of resistance {unknown}
 p - a potion of invisibility {unknown}
 q - 3 potions of flight {unknown}
 s - a potion of brilliance {unknown}
 w - 2 potions of haste {unknown}


   Skills:
 - Level 1.7 Dodging
 - Level 1.7 Stealth
 + Level 7.0 Spellcasting
 + Level 7.4 Conjurations
 + Level 7.9 Fire Magic
 - Level 2.0 Air Magic


You had 6 spell levels left.
You knew the following spells:

 Your Spells              Type           Power      Damage    Failure   Level
a - Foxfire               Conj/Fire      100%       2x1d9     1%          1
b - Scorch                Fire           100%       2d10      1%          2
c - Conjure Flame         Conj/Fire      70%        6-21      1%          3
d - Inner Flame           Hex/Fire       33%        N/A       3%          3
e - Flame Wave            Conj/Fire      70%        2d13      2%          4
f - Swiftness             Air            21%        N/A       7%          3

Your spell library contained the following spells:

 Spells                   Type           Power      Damage    Failure   Level
 Magic Dart               Conj           100%       1d8       1%          1
 Shock                    Conj/Air       100%       1d9       1%          1
 Searing Ray              Conj           100%       2d8       1%          2
 Animate Skeleton         Necr           20%        N/A       4%          1
 Apportation              Tloc           20%        N/A       4%          1
 Pain                     Necr           40%        1d6       4%          1
 Summon Small Mammal      Summ           40%        N/A       4%          1
 Fulminant Prism          Conj/Hex       23%        3d13      11%         4
 Tukima's Dance           Hex            10%        N/A       16%         3
 Vampiric Draining        Necr           10%        2d6       16%         3
 Airstrike                Air            10%        N/A       22%         4
 Passage of Golubria      Tloc           10%        N/A       45%         4
 Yara's Violent Unravell  Hex/Tmut       5%         3d4       80%         5


Dungeon Overview and Level Annotations

Branches:
Dungeon (8/15)             Temple (0/1) D:7            Lair (0/6) D:8

Shops:
D:1 :

Annotations:
D:2 1 runed translucent door, Crazy Yiuf
D:7 exclusion: 2 doors


Innate Abilities, Weirdness & Mutations

You have an increased reservoir of magic. (+10% MP)
You shall have no god before yourself.
Your divine heritage dramatically boosts your attributes as you level up.


Message History

The death yak gores you.
The death yak is engulfed in blazing flames. x2
You kill the death yak!
Your Spellcasting skill increases to level 7!
The death yak is engulfed in blazing flames.
The death yak is engulfed in blazing flames. x2
The orc shouts!
The death yak is no longer more vulnerable to fire.
The orc zaps a wand.
You resist with almost no effort.
The orc wizard shouts!
The orc hits you with a +0 falchion! The orc wizard hits you with a +0 whip.
The orc attacks as you move away! The orc hits you but does no damage.
The orc attacks as you move away! The orc hits you with a +0 falchion.
Found a staircase to the Lair.
You closely miss the orc. The orc closely misses you.
You hit the orc but do no damage.
The orc zaps a wand.
You resist with almost no effort. The orc attacks as you move away!
The orc hits you with a +0 falchion.
The orc shouts!
The orc attacks as you move away! The orc misses you.
The death yak snorts and paws the ground.
The orc attacks as you move away! The orc completely misses you.
The orc attacks as you move away! The orc hits you with a +0 whip.
The orc attacks as you move away! The orc closely misses you.
The orc attacks as you move away! The orc barely misses you.
The orc attacks as you move away! The orc hits you with a +0 whip.
The orc attacks as you move away! The orc hits you with a +0 whip.
The orc hits you with a +0 whip. The death yak attacks as you move away!
The death yak gores you!!
* * * LOW HITPOINT WARNING * * *
The death yak snorts and paws the ground.
The orc wizard gestures wildly while chanting.
The orc wizard flickers and vanishes!
Deactivating autopickup; reactivate with Ctrl-A.
Unknown command.
Okay, then.
As you read the scroll labelled ONWIEXTOTE, it crumbles to dust.
Magic quickly surges around you.
It was a scroll of vulnerability.
The death yak gores you!!
You die...

.# #.#.#...#.# #.#### (#
####...#.##.## #....# .#
#..........## ####.#
.####.###......# #.#
.##...#⌠#......# #.#
....###.###....### #.#
....#.....#....Y.#### #.#
..###.(...###..#Y##.. #.#
..#⌠.)[<...⌠#..#@##.# #.#
..###..[).###..#.##.# #.#
....#.....#....#.##.# #.####
.#..###.###..###.##.#### #.....
.#....#⌠#....# #)......#####..###
.#.#..###....# #....)............
.#"#......######..)....###.......
.........#####.........# #.#.....
##...........).#.......###.##..##


You could see 2 death yaks.

Vanquished Creatures
  A death yak (D:8)
  A hornet (D:8)
  2 water moccasins
  3 orc warriors
  An ice beast (D:8)
  A sky beast (D:8)
  2 black bears (D:6)
  A phantom (D:6)
  2 necrophages
  2 bullfrogs (D:7)
  A scorpion (D:6)
  8 wights
  6 killer bees (D:8)
  2 electric eels (D:7)
  2 jellies
  5 hounds
  6 orc priests
  A gnoll shaman (D:8)
  Jessica (D:2)
  5 iguanas
  3 orc wizards
  A hell rat (D:8)
  Natasha (thrice) (D:3)
  4 adders
  A shadow imp (D:6)
  A white imp (D:5)
  An ufetubus (D:7)
  A worm (D:2)
  2 dart slugs
  27 orcs
  12 endoplasms
  3 giant cockroaches
  10 goblins
  6 hobgoblins
  2 jackals (D:1)
  3 quokkas
  4 ball pythons
  2 bats (D:1)
  8 kobolds
  6 rats
153 creatures vanquished.

Vanquished Creatures (others)
  493 foxfires
493 creatures vanquished.

Grand Total: 646 creatures vanquished

Notes
Turn   | Place    | Note
-------+----------+-------------------------------------------
     0 | D:1      | kae the Demigod Fire Elementalist began the quest for the
                  | Orb.
     0 | D:1      | Reached XP level 1. HP: 14/14 MP: 5/5
    59 | D:1      | Reached skill level 1 in Conjurations
   386 | D:1      | Reached XP level 2. HP: 13/20 MP: 2/7
   513 | D:1      | Found Mepsot's Book Boutique.
  1342 | D:2      | Learned a level 2 spell: Scorch
  1535 | D:2      | Reached XP level 3. HP: 26/26 MP: 6/9
  1639 | D:2      | Learned a level 1 spell: Shock
  2149 | D:2      | Noticed Jessica
  2152 | D:2      | Killed Jessica
  2268 | D:2      | Found a runed translucent door.
  2269 | D:2      | Noticed Crazy Yiuf
  2437 | D:3      | Learned a level 3 spell: Conjure Flame
  2521 | D:3      | Reached XP level 4. HP: 33/33 MP: 7/10
  2637 | D:3      | Noticed Natasha
  2641 | D:3      | Killed Natasha
  2697 | D:3      | Noticed Natasha
  2704 | D:3      | Killed Natasha
  2718 | D:3      | Noticed Natasha
  2726 | D:3      | You are sucked into a shaft and drop 1 floor!
  2970 | D:4      | Reached XP level 5. HP: 27/38 MP: 6/12
  3384 | D:3      | Killed Natasha
  4480 | D:4      | Reached XP level 6. HP: 45/45 MP: 10/14
  4764 | D:5      | Entered Level 5 of the Dungeon
  5081 | D:5      | Learned a level 3 spell: Inner Flame
  5872 | D:6      | Reached XP level 7. HP: 50/50 MP: 11/16
  5877 | D:6      | Learned a level 4 spell: Flame Wave
  5931 | D:6      | Reached skill level 5 in Fire Magic
  6753 | D:6      | Reached skill level 5 in Conjurations
  7007 | D:6      | Reached skill level 5 in Spellcasting
  7007 | D:6      | Reached XP level 8. HP: 30/57 MP: 2/19
  8264 | D:7      | Found a staircase to the Ecumenical Temple.
  8316 | D:7      | Learned a level 3 spell: Swiftness
  8464 | D:7      | Reached skill level 1 in Air Magic
  8548 | D:7      | Noticed a vault sentinel
  8548 | D:7      | Noticed a vault sentinel
  9511 | D:8      | Noticed a hornet
  9896 | D:8      | Reached XP level 9. HP: 29/62 MP: 14/22
 10462 | D:8      | Noticed a death yak
 11117 | D:8      | Noticed a death yak
 11136 | D:8      | Noticed a death yak
 11167 | D:8      | Killed a death yak
 11179 | D:8      | Found a staircase to the Lair.
 11203 | D:8      | HP: 2/62 [death yak (22)]
 11205 | D:8      | Demolished by a death yak

Illustrated notes

Levels and vault maps discovered:
D:1:      heliophobic_arrival_henge, layout_basic, serial_shops, shop
D:2:      layout_loops_ring, shapermc_ecumenical_altar_petra,
          uniq_crazy_yiuf_cottage, uniq_jessica
D:3:      layout_rooms, minmay_misc_feat_five, uniq_natasha
D:4:      layout_basic
D:5:      layout_loops_ring
D:6:      layout_basic, minmay_misc_feat_room,
          amcnicky_mini_rare_corridor_liquid, supply_closet_lemuel,
          kennysheep_donut
D:7:      layout_basic, gammafunk_temple_overflow_pools,
          okawaru_metal_pillars_1_2, minmay_temple_entry_from_below_b,
          skrybe_limestone_x, kennysheep_cross_room,
          hellmonk_guarded_unrand_gong
D:8:      layout_loops_ring, dpeg_lair_monsters, nicolae_fountain_basement

Skill      XL: |  1  2  3  4  5  6  7  8  9 |
---------------+----------------------------+-----
Conjurations   | 1 2 3 4 5 6 7 |  7.4
Spellcasting   | 2 3 4 5 6 7 |  7.0
Fire Magic     | 3 4 5 6 7 |  7.9
Air Magic      | 2 |  2.0
Dodging        | |  1.7
Stealth        | |  1.7

Action                   |  1- 3 |  4- 6 |  7- 9 || total
-------------------------+-------+-------+-------++-------
Melee: Unarmed           |    10 |       |       ||    10
       Staff             |       |       |     2 ||     2
 Cast: Foxfire           |    88 |    99 |   110 ||   297
       Scorch            |     1 |    35 |    65 ||   101
       Conjure Flame     |       |       |    11 ||    11
       Flame Wave        |       |       |     6 ||     6
  Use: Scroll            |     3 |     5 |     6 ||    14
Armor: Robe              |     6 |     2 |     8 ||    16
Dodge: Dodged            |    30 |    20 |    57 ||   107

Table legend: (Time is in decaauts)
 A = Elapsed time spent in this place.
 B = Non-inter-level travel time spent in this place.
 C = Inter-level travel time spent in this place.
 D = Time resting spent in this place.
 E = Time spent auto-exploring this place.
 F = Levels seen in this place.
 G = Mean time per level.
                   A        B        C        D        E       F      G
               +--------+--------+--------+--------+--------+-----+--------+
         Total |  11209 |  10735 |    474 |   1835 |   7329 |   8 | 1401.1 |
       Dungeon |  11209 |  10735 |    474 |   1835 |   7329 |   8 | 1401.1 |
               +--------+--------+--------+--------+--------+-----+--------+

Top non-repeatable levels by time:
     D:6: 2092 daAuts
     D:7: 1818 daAuts
     D:8: 1394 daAuts
     D:1: 1335 daAuts
     D:4: 1212 daAuts
     D:2: 1171 daAuts
     D:5: 1140 daAuts
     D:3: 1044 daAuts
